 Dungeon Sprint DCSS version 0.21.0-24-g2553a33 (webtiles) character file.

16246 wojtek the Executioner (level 12, 0/122 HPs)
             Began as a Minotaur Berserker on Jan 21, 2018.
             Was the Champion of Trog.
             Slain by a death drake (6 damage)
             ... in the Dungeon (Sprint III: "The Ten Rune Challenge").
             The game lasted 00:10:13 (4650 turns).

wojtek the Executioner (Minotaur Berserker)         Turns: 4650, Time: 00:10:13

Health: 0/122      AC: 17    Str: 27    XL:     12   Next: 8%
Magic:  3/3        EV: 14    Int:  4    God:    Trog [******]
Gold:   4288       SH:  0    Dex: 10    Spells: 11/11 levels left

rFire    . . .     SeeInvis .   s - +3 broad axe (antimagic)
rCold    . . .     Gourm    .   (no shield)
rNeg     . . .     Faith    .   t - +0 plate armour
rPois    .         Spirit   .   w - +0 hat
rElec    .         Reflect  .   (no cloak)
rCorr    .         Harm     .   (no gloves)
MR       .....     NoTele   +   (no boots)
Stlth    ..........             (no amulet)
HPRegen  0.30/turn              (no ring)
MPRegen  0.08/turn              (no ring)

@: lethally poisoned (0 -> -14), berserk cooldown, slowed, very slow
A: retaliatory headbutt, horns 2
a: Berserk, Trog's Hand, Brothers in Arms, Burn Spellbooks, Renounce Religion


You were in the Dungeon.
You worshipped Trog.
Trog was exalted by your worship.
You were not hungry.

You visited 1 branch You collected 4288 gold pieces.

Inventory:

Hand Weapons
 a - a +0 hand axe
 b - a +2 antimagic battleaxe
 s - a +3 antimagic broad axe (weapon)
 v - a +1 antimagic war axe
Armour
 t - a +0 plate armour (worn)
 u - a cursed -1 chain mail
 w - a +0 hat (worn)
Wands
 q - a wand of paralysis (18)
Scrolls
 i - a scroll of blinking
 k - a scroll of holy word {unknown}
 l - 2 scrolls of identify {unknown}
 m - 3 scrolls of remove curse
 n - a scroll of immolation {unknown}
Potions
 d - 2 potions of curing
 e - a potion of heal wounds
 f - 3 potions of haste
 g - 2 potions of magic
 h - 2 potions of berserk rage
 o - 3 potions of flight
 p - 7 potions of mutation
 r - a potion of lignification {unknown}
 x - a potion of ambrosia {unknown}
Miscellaneous
 j - a phantom mirror
Comestibles
 c - 10 rations


   Skills:
 + Level 16.3 Fighting
 * Level 21.5 Axes
 + Level 16.1 Armour
 + Level 14.9 Dodging


You had 11 spell levels left.
You didn't know any spells.

Dungeon Overview and Level Annotations

Branches:
Dungeon (1/1)

Altars:
Cheibriados
Dithmenos
Elyvilon
Fedhas
Gozag
Hepliaklqana
Kikubaaqudgha
Makhleb
Nemelex Xobeh
Okawaru
Qazlal
Ru
Sif Muna
Trog
Uskayaw
Vehumet
Wu Jian
Xom
Yredelemnul
Zin
The Shining One
Beogh
Jiyva
Lugonu

Shops:
D [


Innate Abilities, Weirdness & Mutations

You reflexively headbutt those who attack you in melee.
You have a pair of horns on your head.


Message History

You are engulfed in dark miasma.
You are poisoned.
* * * LOW HITPOINT WARNING * * *
You feel sick.
The death drake bites you but does no damage.
Blink to where?
Press: ? - help, Dir - move target cursor You can't see that place. [the floor.]
You cannot see that place.
Okay, then.
Unknown command.
Unknown command.
Unknown command.
You feel better.
You are engulfed in dark miasma.
You are poisoned.
* * * LOW HITPOINT WARNING * * *
x2 You feel very sick.
The death drake bites you.
You die...

###########'####
#.♣♣ #♣.♣ ♣.♣♣
♣♣.♣ ♣§♣♣ ♣§♣♣
♣§§♣ ♣♣@♣ ♣♣k♣
§♣ §§ .§. ≈§§§
♣♣♣♣♣


You could see a death drake.

Vanquished Creatures
  Rupert (D)
  A dire elephant (D)
  A centaur warrior (D)
  Erica (D)
  4 death yaks (D)
  A death drake (D)
  An unseen horror (D)
  A deep elf mage (D)
  2 black mambas (D)
  2 spiny frogs (D)
  A rime drake (D)
  A komodo dragon (D)
  8 blink frogs (D)
  A shadow (D)
  3 wandering mushrooms (D)
  A spatial vortex (D)
  A swamp drake (D)
  An orc warrior (D)
  A necrophage (D)
  2 centaurs (D)
  3 swamp dragon skeletons (D)
  An earth elemental (D)
  A water elemental (D)
  26 killer bees (D)
  A jelly (D)
  A wizard (D)
  2 orc wizards (D)
  Jessica (D)
  A necromancer (D)
  3 humans (D)
  A kobold demonologist (D)
  A wolf (D)
  2 oozes (D)
  An orc (D)
  A rat (D)
81 creatures vanquished.

Vanquished Creatures (collateral kills)
  Gastronok (D)
  A dire elephant (D)
  An orc knight (D)
  2 elephants (D)
  A queen bee (D)
  An orc warrior (D)
  6 killer bees (D)
  2 orc priests (D)
  An orc wizard (D)
  9 orcs (D)
25 creatures vanquished.

Vanquished Creatures (others)
  2 draconian scorchers (D)
  6 hellions (D)
  2 yaktaurs (D)
  13 plants (D)
23 creatures vanquished.

Grand Total: 129 creatures vanquished

Notes
Turn   | Place    | Note
-------+----------+-------------------------------------------
     0 | D        | wojtek the Minotaur Berserker began the quest for the Orb.
     0 | D        | Reached XP level 1. HP: 19/19 MP: 0/0
     8 | D        | Reached skill level 4 in Axes
    11 | D        | Reached XP level 2. HP: 27/27 MP: 1/1
    25 | D        | Reached ** piety under Trog
    36 | D        | Noticed Jessica
    40 | D        | Killed Jessica
    40 | D        | Reached skill level 5 in Fighting
    40 | D        | Reached skill level 6 in Axes
    40 | D        | Reached XP level 3. HP: 31/36 MP: 2/2
    42 | D        | Killed a yaktaur
    93 | D        | Killed a hellion
    93 | D        | Killed a hellion
    94 | D        | Killed a hellion
   155 | D        | Killed a hellion
   180 | D        | Killed a white draconian scorcher
   192 | D        | Killed a hellion
   202 | D        | Reached *** piety under Trog
   202 | D        | Reached XP level 4. HP: 34/42 MP: 3/3
   206 | D        | Killed a white draconian scorcher
   237 | D        | Killed a hellion
   253 | D        | Noticed a water elemental
   257 | D        | Killed a water elemental
   257 | D        | Reached skill level 8 in Axes
   257 | D        | Reached skill level 5 in Armour
   257 | D        | Reached skill level 5 in Dodging
   354 | D        | Found a radiant altar of Vehumet.
   354 | D        | Found a deep blue altar of Sif Muna.
   354 | D        | Found an ancient bone altar of Kikubaaqudgha.
   354 | D        | Noticed a wizard
   355 | D        | Killed a wizard
   355 | D        | Reached XP level 5. HP: 51/51 MP: 4/4
   360 | D        | Reached **** piety under Trog
   360 | D        | Reached skill level 9 in Axes
   417 | D        | Found a glowing silver altar of Zin.
   418 | D        | Found a glowing golden altar of the Shining One.
   418 | D        | Found a white marble altar of Elyvilon.
   418 | D        | Noticed a deep elf mage
   419 | D        | Noticed an ice beast
   420 | D        | Noticed an ice beast
   442 | D        | Noticed an ice beast
   444 | D        | Killed a deep elf mage
   444 | D        | Reached ***** piety under Trog
   444 | D        | Reached skill level 11 in Axes
   444 | D        | Reached XP level 6. HP: 5/63 MP: 5/5
   444 | D        | Reached XP level 7. HP: 6/70 MP: 6/6
   744 | D        | Found a hide-covered altar of Uskayaw.
   744 | D        | Found a roughly hewn altar of Beogh.
   744 | D        | Found an iron altar of Okawaru.
   744 | D        | Found a bloodstained altar of Trog.
   744 | D        | Found an ornate altar of the Wu Jian Council.
   744 | D        | Noticed a human
   745 | D        | Noticed a human
   749 | D        | Killed a human
   749 | D        | Reached skill level 12 in Axes
   753 | D        | Killed a human
   821 | D        | Found a basalt altar of Yredelemnul.
   821 | D        | Found a shadowy altar of Dithmenos.
   821 | D        | Found a sacrificial altar of Ru.
   824 | D        | Reached skill level 13 in Axes
   830 | D        | Reached skill level 10 in Fighting
   881 | D        | Noticed a shadow
   885 | D        | Killed a shadow
   885 | D        | Received a gift from Trog
   885 | D        | Reached XP level 8. HP: 78/79 MP: 7/7
   985 | D        | Found a blossoming altar of Fedhas.
   985 | D        | Found a stormy altar of Qazlal.
   985 | D        | Found a snail-covered altar of Cheibriados.
   985 | D        | Found a burning altar of Makhleb.
   985 | D        | Found a shimmering altar of Xom.
   986 | D        | Found a hazy altar of Hepliaklqana.
   986 | D        | Found an opulent altar of Gozag.
   986 | D        | Found a sparkling altar of Nemelex Xobeh.
   986 | D        | Found a corrupted altar of Lugonu.
   986 | D        | Found a viscous altar of Jiyva.
  1003 | D        | Reached skill level 10 in Armour
  1133 | D        | Noticed Erica
  1147 | D        | HP: 6/120 [Erica/bolt of poison (12)]
  1153 | D        | Killed Erica
  1153 | D        | Reached skill level 14 in Axes
  1153 | D        | Reached skill level 10 in Dodging
  1153 | D        | HP: 4/123 [poisoned by Erica (bolt of poison)]
  1462 | D        | Reached XP level 9. HP: 89/89 MP: 8/8
  1509 | D        | Found Naoqel's Antique Armour Emporium.
  1509 | D        | Noticed an orc knight
  1511 | D        | Reached skill level 15 in Axes
  1515 | D        | Received a gift from Trog
  1522 | D        | Reached ****** piety under Trog
  1525 | D        | Received a gift from Trog
  1529 | D        | Killed an orc knight
  1529 | D        | Received a gift from Trog
  1634 | D        | Noticed a centaur warrior
  1645 | D        | Killed a centaur warrior
  1645 | D        | Reached skill level 16 in Axes
  1852 | D        | Killed an unseen horror
  1982 | D        | Noticed a queen bee
  1986 | D        | Received a gift from Trog
  2000 | D        | Reached XP level 10. HP: 82/100 MP: 9/9
  2007 | D        | Reached skill level 17 in Axes
  2009 | D        | Received a gift from Trog
  2138 | D        | Received a gift from Trog
  2812 | D        | Received a gift from Trog
  2871 | D        | Reached skill level 18 in Axes
  2890 | D        | Noticed a spiny frog
  2890 | D        | Noticed a spiny frog
  2893 | D        | Killed a spiny frog
  2901 | D        | Killed a spiny frog
  3342 | D        | Received a gift from Trog
  3342 | D        | Reached skill level 19 in Axes
  3342 | D        | Reached XP level 11. HP: 102/111 MP: 3/10
  3376 | D        | Noticed Rupert
  3386 | D        | Killed Rupert
  3400 | D        | Noticed a dire elephant
  3413 | D        | Noticed Gastronok
  3413 | D        | Noticed a dire elephant
  3437 | D        | Killed a dire elephant
  3437 | D        | Reached skill level 15 in Fighting
  3442 | D        | Killed Gastronok
  3442 | D        | Received a gift from Trog
  3442 | D        | Reached skill level 20 in Axes
  3442 | D        | Reached skill level 15 in Armour
  3444 | D        | Killed a dire elephant
  3659 | D        | Noticed a death yak
  3660 | D        | Noticed a death yak
  3670 | D        | Killed a death yak
  3691 | D        | Noticed a death yak
  3704 | D        | Noticed a death yak
  3707 | D        | Killed a death yak
  4132 | D        | Received a gift from Trog
  4459 | D        | Killed a death yak
  4459 | D        | Reached skill level 21 in Axes
  4468 | D        | Killed a death yak
  4468 | D        | Received a gift from Trog
  4471 | D        | Reached XP level 12. HP: 98/122 MP: 3/11
  4612 | D        | Noticed an azure jelly
  4612 | D        | Noticed an azure jelly
  4650 | D        | HP: 6/122 [poisoned by a death drake (dark miasma)]
  4650 | D        | Slain by a death drake

Skill      XL: |  1  2  3  4  5  6  7  8  9 10 11 |
---------------+----------------------------------+-----
Fighting       | 4 5 6 9 10 11 12 14 16 | 16.3
Axes           | 4 6 8 11 13 14 16 19 21 | 21.5
Armour         | 3 4 6 8 9 11 12 14 16 | 16.1
Dodging        | 3 4 5 7 9 10 11 13 14 | 14.9

Action                   |  1- 3 |  4- 6 |  7- 9 | 10-12 || total
-------------------------+-------+-------+-------+-------++-------
Melee: Hand axe          |    13 |    20 |    92 |       ||   125
       Headbutt          |     5 |     5 |    18 |    50 ||    78
       Battleaxe         |       |       |       |   116 ||   116
       Broad axe         |       |       |       |   102 ||   102
Invok: Berserk           |       |     3 |     7 |     2 ||    12
       Burn Spellbooks   |       |     1 |       |       ||     1
       Brothers in Arms  |       |       |     2 |     3 ||     5
  Use: Potion            |       |       |     1 |     2 ||     3
 Stab: Sleeping          |     1 |       |       |       ||     1
       Distracted        |       |       |       |     1 ||     1
  Eat: Chunk             |       |       |     3 |     6 ||     9
       Ration            |       |       |     3 |     2 ||     5
Armor: Animal skin       |       |     1 |     2 |       ||     3
       Plate armour      |       |       |    29 |    75 ||   104
Dodge: Dodged            |     9 |     4 |    26 |   120 ||   159
